 Dungeon Crawl Stone Soup version 0.30.1-9-gdf580d7c3d (webtiles) character file.

Game seed: 2472364526814750522

558 booth the Conjurer (level 7, 0/57 (59) HPs)
             Began as a Green Draconian Reaver on Oct 16, 2023.
             Was an Initiate of Hepliaklqana.
             Slain by an orc warrior
             ... wielding a +0 trident
              (9 damage)
             ... on level 5 of the Dungeon on Oct 17, 2023.
             The game lasted 00:23:58 (3967 turns).

booth the Conjurer (Green Draconian Reaver)         Turns: 3967, Time: 00:23:59

HP:   0/57 (59)     AC:  6    Str: 14    XL:     7   Next: 9%
MP:   4/4           EV: 12    Int:  9    God:    Hepliaklqana [......]
Gold: 249           SH:  0    Dex: 11    Spells: 0/13 levels left

rFire   + + .        q - +5 hand axe of the Globe {antimagic, rF++ Int-5}
rCold   . . .        (no shield)
rNeg    . . .        (body armour unavailable)
rPois   +            (helmet restricted)
rElec   .            (no cloak)
rCorr   .            (no gloves)
SInv    .            (no boots)
Will    .....        (no amulet)
Stlth   +            m - ring of wizardry
HPRegen 0.29/turn    (no ring)
MPRegen 0.09/turn

%: wizardry (x1)
@: about to teleport, lightly drained
A: breathe noxious fumes, AC +6, unfitting armour, poison resistance,
cold-blooded, mutation resistance 1
a: Breathe Noxious Fumes, Renounce Religion


You were on level 5 of the Dungeon.
You worshipped Hepliaklqana.
Hepliaklqana was noncommittal.
You visited 2 branches of the dungeon, and saw 6 of its levels.

You collected 249 gold pieces.

Inventory:

Hand Weapons
 c - a +1 heavy hand axe
 h - a +1 war axe of freezing
 q - the +5 hand axe of the Globe (weapon) {antimagic, rF++ Int-5}
   (You found it on level 4 of the Dungeon)

   Int:       It affects your intelligence (-5).
   rF:        It greatly protects you from fire.
Missiles
 i - 11 curare-tipped darts (quivered)
 s - 5 poisoned darts
Jewellery
 m - a ring of wizardry (left hand)
Wands
 j - a wand of light (10)
 p - a wand of flame (32)
 t - a wand of polymorph (8)
Scrolls
 g - 2 scrolls of fear
 k - a scroll of amnesia
 n - a scroll of blinking {unknown}
Potions
 b - 4 potions of lignification
 d - a potion of curing
 e - a potion of haste
 f - a potion of heal wounds {unknown}


   Skills:
 + Level 4.2 Fighting
 + Level 4.4 Axes
 + Level 3.4 Dodging
 + Level 3.5 Spellcasting
 + Level 4.4 Conjurations
 + Level 0.3 Poison Magic


You couldn't memorise any spells.
You knew the following spells:

 Your Spells              Type           Power      Damage    Failure   Level
a - Kiss of Death         Conj/Necr      20%        2d7       4%          1
b - Momentum Strike       Conj/Tloc      10%        3d8       7%          2
c - Hailstorm             Conj/Ice       5%         3d4       14%         3
d - Blink                 Tloc           2%         N/A       17%         2
e - Poisonous Vapours     Pois/Air       2%         N/A       16%         2
f - Mephitic Cloud        Conj/Pois/Air  4%         N/A       17%         3

Your spell library contained the following spells:

 Spells                   Type           Power      Damage    Failure   Level
 Lesser Beckoning         Tloc           2%         N/A       17%         2
 Ice Form                 Ice/Tmut       1%         N/A       71%         4
 Freezing Cloud           Conj/Ice/Air   2%         6-21      83%         5
 Simulacrum               Ice/Necr       0%         N/A       100%        6


Dungeon Overview and Level Annotations

Branches:
Dungeon (5/15)             Temple (1/1) D:5

Altars:
Cheibriados
Fedhas
Hepliaklqana
Kikubaaqudgha
Makhleb
Qazlal
Ru
Uskayaw
Yredelemnul
Zin


Innate Abilities, Weirdness & Mutations

You can breathe blasts of noxious fumes.
Your lurid green scales are hard. (AC +6)
You cannot fit into any form of body armour.
Your system is resistant to poisons. (rPois)
You are cold-blooded and may be slowed by cold attacks.
You are somewhat resistant to further mutation.


Message History

The orc hits you with a +1 dagger of protection.
Something hits you but does no damage. The orc attacks as you move away!
The orc hits you but does no damage.
You hear some strange, mumbled words.
You are confused.
You bump into the rock wall.
The orc warrior hits you from afar with a +0 trident.
The orc priest begins to cast a cantrip, but forgets the words!
You're too confused to move!
The orc warrior hits you from afar with a +0 trident.
The orc priest closely misses you.
The orc warrior hits you with a +0 trident!
The orc priest closely misses you. The orc warrior barely misses you.
The orc priest barely misses you. Something hits you but does no damage.
There is an escape hatch in the ceiling here.
You're too confused to move!
The orc warrior hits you with a +0 trident!
* * * LOW HITPOINT WARNING * * *
The orc priest closely misses you. Something hits you but does no damage.
The orc warrior hits you with a +0 trident!
* * * LOW HITPOINT WARNING * * *
The orc priest hits you but does no damage.
Something hits you.
* * * LOW HITPOINT WARNING * * *
The orc priest attacks as you move away!
The orc priest closely misses you.
You feel less confused. The orc warrior barely misses you.
The orc barely misses you.
You feel better. The orc warrior misses you. The orc priest barely misses you.
You hit the orc warrior.
The orc warrior is lightly wounded.
You hit the orc priest. You barely miss something.
The orc warrior hits you with a +0 trident.
* * * LOW HITPOINT WARNING * * *
The orc priest misses you.
As you read the scroll of teleportation, it crumbles to dust.
You feel strangely unstable.
The orc warrior hits you with a +0 trident!
You die...

#.###........ .#
#.##..#...#.# #.#
#.....#...#.####.##
.....###........>.#
#...........## #..
...#.....#...# #.#
.###..>..###.###.#####
...#.....#.....oo..$.###
.............).{@.......
##...###.......o...#.###
###...#.....####.#.# #
##..#...).# #.#.#
##...##.## ..# # ####
#.# ### #.# #.# #.#


You could see an orc warrior, an orc priest and an orc.

Vanquished Creatures
  Sigmund (D:3)
  2 hounds
  A jelly (D:4)
  An orc priest (D:3)
  Jessica (D:3)
  Natasha (twice) (D:3)
  Terence (D:2)
  Robin (D:2)
  4 gnolls
  3 adders
  A worm (D:3)
  2 dart slugs
  8 orcs
  7 bats
  6 endoplasms
  3 giant cockroaches
  9 goblins
  13 hobgoblins
  2 jackals (D:2)
  8 kobolds
  4 quokkas
  6 ball pythons
  2 frilled lizards (D:2)
  2 rats
90 creatures vanquished.

Notes
Turn   | Place    | Note
-------+----------+-------------------------------------------
     0 | D:1      | booth the Draconian Reaver began the quest for the Orb.
     0 | D:1      | Reached XP level 1. HP: 17/17 MP: 3/3
   372 | D:1      | Reached XP level 2. HP: 25/25 MP: 5/5
   375 | D:1      | Learned a level 2 spell: Momentum Strike
  1115 | D:2      | Noticed Robin
  1153 | D:2      | Identified the +1 ring mail of Hedaipy {Dex+6}
  1198 | D:2      | Reached XP level 3. HP: 30/30 MP: 6/6
  1230 | D:2      | Noticed Terence
  1327 | D:2      | Killed Robin
  1702 | D:2      | Killed Terence
  1703 | D:2      | Reached XP level 4. HP: 37/37 MP: 7/7
  1770 | D:2      | Learned a level 3 spell: Hailstorm
  1806 | D:2      | Found a faded altar of an unknown god.
  1905 | D:2      | Gained mutation: You are somewhat resistant to further
                  | mutation. [potion of mutation]
  1958 | D:3      | Noticed Sigmund
  2093 | D:3      | Killed Sigmund
  2094 | D:3      | Reached XP level 5. HP: 42/45 MP: 9/9
  2094 | D:3      | Reached XP level 6. HP: 48/51 MP: 10/10
  2517 | D:3      | Noticed Jessica
  2523 | D:3      | Killed Jessica
  2547 | D:3      | Learned a level 2 spell: Blink
  2668 | D:3      | Noticed Natasha
  2677 | D:3      | Killed Natasha
  2912 | D:3      | Noticed Natasha
  2926 | D:3      | Killed Natasha
  3211 | D:4      | Identified the +5 hand axe of the Globe {antimagic, rF++
                  | Int-5}
  3507 | D:4      | Your scales start taking on a lurid green colour.
  3507 | D:4      | Reached XP level 7. HP: 32/56 MP: 4/12
  3507 | D:4      | Gained mutation: Your system is resistant to poisons.
                  | (rPois) [Green Draconian growth]
  3591 | D:4      | Learned a level 2 spell: Poisonous Vapours
  3595 | D:4      | Learned a level 3 spell: Mephitic Cloud
  3734 | D:5      | Entered Level 5 of the Dungeon
  3788 | D:5      | Found a staircase to the Ecumenical Temple.
  3824 | Temple   | Entered the Ecumenical Temple
  3921 | Temple   | Became a worshipper of Hepliaklqana the Forgotten
  3967 | D:5      | Slain by an orc warrior

Illustrated notes

Levels and vault maps discovered:
D:1:      eino_arrival_water_star, layout_loops_corners, serial_rivers,
          chequers_serial_rivers_room_a, chequers_serial_rivers_room_b,
          chequers_serial_rivers_room_a, chequers_serial_rivers_micro_b,
          nrook_campfire, minmay_distorted
D:2:      layout_rooms, dreamdust_ecumenical_altar_hidden_monk_grotto,
          uniq_terence, uniq_robin
D:3:      layout_rooms, minmay_liquid_box, minivault_14, grunt_ministairs_1,
          roderic_lattice_a, uniq_jessica, uniq_sigmund, uniq_natasha
D:4:      layout_rooms
D:5:      layout_loops_ring, minitemple, minmay_temple_entry_tees,
          minmay_misc_feat_secret_circle
Temple:   eino_temple_lava

Skill      XL: |  1  2  3  4  5  6 |
---------------+-------------------+-----
Dodging        | 2 3 |  3.4
Fighting       | 3 4 |  4.2
Axes           | 4 |  4.4
Spellcasting   | 3 |  3.5
Conjurations   | 4 |  4.4
Poison Magic   | |  0.3

Action                     |  1- 3 |  4- 6 |  7- 9 || total
---------------------------+-------+-------+-------++-------
  Melee: Hand axe          |    88 |   127 |    15 ||   230
         Tailslap          |     9 |    19 |     1 ||    29
         Punch             |       |     1 |       ||     1
  Throw: Dart              |     3 |     4 |       ||     7
   Cast: Kiss of Death     |       |     1 |       ||     1
    Use: Scroll            |     4 |     4 |     2 ||    10
         Potion            |     1 |     3 |     2 ||     6
 Armour: Skin              |    36 |    44 |    15 ||    95
  Dodge: Dodged            |    62 |   116 |    24 ||   202
